MLB
SAN DIEGO PADRES @ ST. LOUIS CARDINALS
06/13/2018
 
TOP OF THE 1ST
San Diego Padres batting - Pitching for St. Louis Cardinals : RHP Chris Bassitt
Pitching: RHP Chris Bassitt
Batting: LHB David Peralta 0-0: Ball
1-0: Reached on error, E8 (Line Drive, 8RD)
Batting: RHB Lorenzo Cain 0-0: Ball
1-0: Called Strike
1-1: Ball
2-1: Called Strike
2-2: Ball
3-2: Reached on error, E5 (Groundball, 56)
David Peralta to third
Batting: RHB Jose Altuve 0-0: Ball
1-0: Swinging Strike
1-1: Fielders Choice at 2nd, 2-4 (Groundball, 2L)
Batting: LHB Mike Moustakas 0-0: Ball
1-0: Fly out, F8 (Flyball, 8LS)
Batting: SHB Carlos Santana 0-0: Ball
1-0: Foul Ball, location: 2F
1-1: Ball
2-1: Fly out, F8 (Flyball, 89XD)
Top of the 1st over - 0 runs, 0 hits, 2 errors, 2 left on base; San Diego 0 - St. Louis 0
BOTTOM OF THE 1ST
St. Louis Cardinals batting - Pitching for San Diego Padres : RHP Justin Verlander
Pitching: RHP Justin Verlander
Batting: SHB Ozzie Albies 0-0: Fly out, F8 (Flyball, 78M)
Batting: RHB Harrison Bader 0-0: Ball
1-0: Foul Ball, location: 2F
1-1: Fly out, F8 (Flyball, 8RM)
Batting: RHB Jose Alberto Martinez 0-0: Swinging Strike
0-1: Foul Ball, location: 2F
0-2: Foul Ball, location: 2F
0-2: Ball
1-2: Ball
2-2: Ball
3-2: Foul Ball, location: 2F
3-2: Base on Balls
Batting: RHB Mark Reynolds 0-0: Called Strike
0-1: Fielders Choice at 2nd, 6-4 (Groundball, 6)
Bottom of the 1st over - 0 runs, 0 hits, 0 errors, 1 left on base; San Diego 0 - St. Louis 0
TOP OF THE 2ND
San Diego Padres batting - Pitching for St. Louis Cardinals : RHP Chris Bassitt
Batting: RHB Mitch Haniger 0-0: Bunt for hit to 3S - play at first, batter OUT! 3-4
Batting: RHB Russell Martin 0-0: Fly out, F8 (Flyball, 8RM)
Batting: SHB Freddy Galvis 0-0: Ball
1-0: Called Strike
1-1: Ball
2-1: Ball
3-1: Ground out 5-3 (Groundball, 5)
Top of the 2nd over - 0 runs, 0 hits, 0 errors, 0 left on base; San Diego 0 - St. Louis 0
BOTTOM OF THE 2ND
St. Louis Cardinals batting - Pitching for San Diego Padres : RHP Justin Verlander
Batting: LHB Alex Avila 0-0: Called Strike
0-1: Ball
1-1: Fly out, F9 (Flyball, 9LS)
Batting: LHB Brett Phillips 0-0: Called Strike
0-1: Ball
1-1: Swinging Strike
1-2: Fly out, F8 (Line Drive, 8RM)
Batting: RHB Adeiny Hechavarria 0-0: Called Strike
0-1: Swinging Strike
0-2: Ball
1-2: Ball
2-2: DOUBLE (Line Drive, 3D)
Batting: RHB Yan Gomes 0-0: Swinging Strike
0-1: Ball
1-1: Called Strike
1-2: Strikes out swinging
Bottom of the 2nd over - 0 runs, 1 hit, 0 errors, 1 left on base; San Diego 0 - St. Louis 0
TOP OF THE 3RD
San Diego Padres batting - Pitching for St. Louis Cardinals : RHP Chris Bassitt
Batting: RHB Justin Verlander 0-0: Ball
1-0: Swinging Strike
1-1: Called Strike
1-2: Foul Ball, location: 2F
1-2: Ball
2-2: Foul Ball, location: 2F
2-2: Strikes out swinging
Batting: LHB David Peralta 0-0: Called Strike
0-1: Ball
1-1: Called Strike
1-2: Strikes out swinging
Batting: RHB Lorenzo Cain 0-0: Swinging Strike
0-1: Ball
1-1: Fly out, F8 (Flyball, 8LM)
Top of the 3rd over - 0 runs, 0 hits, 0 errors, 0 left on base; San Diego 0 - St. Louis 0
BOTTOM OF THE 3RD
St. Louis Cardinals batting - Pitching for San Diego Padres : RHP Justin Verlander
Batting: RHB Chris Bassitt 0-0: Foul Ball, location: 2F
0-1: Ball
1-1: Ball
2-1: Ground out 6-3 (Groundball, 6M)
Batting: SHB Ozzie Albies 0-0: Ball
1-0: Called Strike
1-1: Ball
2-1: Foul Ball, location: 2F
2-2: Ball
3-2: Foul Ball, location: 2F
3-2: Strikes out looking
Batting: RHB Harrison Bader 0-0: Fly out, F9 (Flyball, 89XD)
Bottom of the 3rd over - 0 runs, 0 hits, 0 errors, 0 left on base; San Diego 0 - St. Louis 0
TOP OF THE 4TH
San Diego Padres batting - Pitching for St. Louis Cardinals : RHP Chris Bassitt
Batting: RHB Jose Altuve 0-0: Ball
1-0: Ground out 1-3 (Groundball, 15)
Batting: LHB Mike Moustakas 0-0: Ball
1-0: Called Strike
1-1: Fly out, F9 (Line Drive, 9)
Batting: SHB Carlos Santana 0-0: Ball
1-0: Foul Ball, location: 2F
1-1: Ball
2-1: Foul Ball, location: 2F
2-2: Ball
3-2: Fly out, F6 (Popup, P)
Top of the 4th over - 0 runs, 0 hits, 0 errors, 0 left on base; San Diego 0 - St. Louis 0
BOTTOM OF THE 4TH
St. Louis Cardinals batting - Pitching for San Diego Padres : RHP Justin Verlander
Batting: RHB Jose Alberto Martinez 0-0: Called Strike
0-1: Fly out, F9 (Flyball, 9D)
Batting: RHB Mark Reynolds 0-0: Ball
1-0: Called Strike
1-1: Called Strike
1-2: Ball
2-2: Fly out, F8 (Line Drive, 8LD)
Batting: LHB Alex Avila 0-0: Ball
1-0: Called Strike
1-1: Ball
2-1: Ball
3-1: Foul Ball, location: 2F
3-2: Fly out, F8 (Flyball, 8RXD)
Bottom of the 4th over - 0 runs, 0 hits, 0 errors, 0 left on base; San Diego 0 - St. Louis 0
TOP OF THE 5TH
San Diego Padres batting - Pitching for St. Louis Cardinals : RHP Chris Bassitt
Batting: RHB Mitch Haniger 0-0: Foul Ball, location: 2F
0-1: Foul Ball, location: 2F
0-2: Ball
1-2: Ground out 4-3 (Groundball, 4)
Batting: RHB Russell Martin 0-0: Ball
1-0: Foul Ball, location: 2F
1-1: Swinging Strike
1-2: Ball
2-2: Ball
3-2: Fly out, F8 (Flyball, 8RM)
Batting: SHB Freddy Galvis 0-0: DOUBLE (Line Drive, 89M)
Batting: RHB Justin Verlander 0-0: Ball
1-0: Called Strike
1-1: Called Strike
1-2: Foul Ball, location: 2F
1-2: Strikes out swinging
Top of the 5th over - 0 runs, 1 hit, 0 errors, 1 left on base; San Diego 0 - St. Louis 0
BOTTOM OF THE 5TH
St. Louis Cardinals batting - Pitching for San Diego Padres : RHP Justin Verlander
Batting: LHB Brett Phillips 0-0: Swinging Strike
0-1: Swinging Strike
0-2: Ball
1-2: Strikes out swinging
Batting: RHB Adeiny Hechavarria 0-0: Called Strike
0-1: Ground out 5-3 (Groundball, 56S)
Batting: RHB Yan Gomes 0-0: Ball
1-0: Called Strike
1-1: Called Strike
1-2: Ball
2-2: Strikes out swinging
Bottom of the 5th over - 0 runs, 0 hits, 0 errors, 0 left on base; San Diego 0 - St. Louis 0
TOP OF THE 6TH
San Diego Padres batting - Pitching for St. Louis Cardinals : RHP Chris Bassitt
Batting: LHB David Peralta 0-0: Ball
1-0: Foul Ball, location: 2F
1-1: Fly out, F5 (Popup, 25F)
Batting: RHB Lorenzo Cain 0-0: Called Strike
0-1: Foul Ball, location: 2F
0-2: Ball
1-2: Foul Ball, location: 2F
1-2: Ground out 1-3 (Groundball, P)
Batting: RHB Jose Altuve 0-0: Ball
1-0: Swinging Strike
1-1: Fly out, F7 (Flyball, 7S)
Top of the 6th over - 0 runs, 0 hits, 0 errors, 0 left on base; San Diego 0 - St. Louis 0
BOTTOM OF THE 6TH
St. Louis Cardinals batting - Pitching for San Diego Padres : RHP Justin Verlander
Batting: RHB Chris Bassitt 0-0: SINGLE (Groundball, 13) (infield hit)
Batting: SHB Ozzie Albies 0-0: Ball
1-0: Ball
2-0: Fly out, F8 (Flyball, 8LXD)
Batting: RHB Harrison Bader 0-0: Ball
1-0: Called Strike
1-1: Foul Ball, location: 2F
1-2: Ball
2-2: Strikes out looking
Batting: RHB Jose Alberto Martinez 0-0: Ball
1-0: Swinging Strike
1-1: DOUBLE (Flyball, 89XD)
Chris Bassitt to third
Runner from 3rd tries for Home, SAFE, no throw by RF
Batting: RHB Mark Reynolds 0-0: Ball
1-0: Ball
2-0: Called Strike
2-1: Swinging Strike
2-2: Ball
3-2: Strikes out swinging
Bottom of the 6th over - 1 run, 2 hits, 0 errors, 1 left on base; San Diego 0 - St. Louis 1
TOP OF THE 7TH
San Diego Padres batting - Pitching for St. Louis Cardinals : RHP Chris Bassitt
Batting: LHB Mike Moustakas 0-0: Ground out 4-3 (Groundball, 34D)
Batting: SHB Carlos Santana 0-0: Ball
1-0: Fly out, F9 (Flyball, 9S)
Batting: RHB Mitch Haniger 0-0: Ball
1-0: Called Strike
1-1: Foul Ball, location: 2F
1-2: Strikes out looking
Top of the 7th over - 0 runs, 0 hits, 0 errors, 0 left on base; San Diego 0 - St. Louis 1
BOTTOM OF THE 7TH
St. Louis Cardinals batting - Pitching for San Diego Padres : RHP Justin Verlander
Batting: LHB Alex Avila 0-0: Ball
1-0: Called Strike
1-1: Ball
2-1: Foul Ball, location: 2F
2-2: Ball
3-2: Foul Ball, location: 2F
3-2: Base on Balls
Batting: LHB Brett Phillips 0-0: Fly out, F9 (Line Drive, 9D)
Batting: RHB Adeiny Hechavarria 0-0: Ball
1-0: Fielders Choice at 2nd, 2-4 (Groundball, 2L)
Batting: RHB Yan Gomes 0-0: Foul Ball, location: 2F
0-1: SINGLE (Flyball, 89S)
Adeiny Hechavarria to second
Runner from 2nd tries for 3rd, SAFE, no throw by RF
Batting: RHB Chris Bassitt 0-0: Called Strike
0-1: Ball
1-1: Called Strike
1-2: Strikes out swinging
Bottom of the 7th over - 0 runs, 1 hit, 0 errors, 2 left on base; San Diego 0 - St. Louis 1
TOP OF THE 8TH
San Diego Padres batting - Pitching for St. Louis Cardinals : RHP Chris Bassitt
Batting: RHB Russell Martin 0-0: Ground out 6-3 (Groundball, 6S)
Batting: SHB Freddy Galvis 0-0: Foul Ball, location: 2F
0-1: Ball
1-1: Swinging Strike
1-2: Ball
2-2: Strikes out swinging
Batting: RHB Justin Verlander 0-0: Ground out 5-3 (Groundball, 56S)
Top of the 8th over - 0 runs, 0 hits, 0 errors, 0 left on base; San Diego 0 - St. Louis 1
BOTTOM OF THE 8TH
St. Louis Cardinals batting - Pitching for San Diego Padres : RHP Justin Verlander
Batting: SHB Ozzie Albies 0-0: Ball
1-0: Ball
2-0: Swinging Strike
2-1: Foul Ball, location: 2F
2-2: Strikes out swinging
Pitching: RHP Luis A. Garcia
Batting: RHB Harrison Bader 0-0: Called Strike
0-1: Fly out, F8 (Flyball, 8LM)
Batting: RHB Jose Alberto Martinez 0-0: Called Strike
0-1: Fly out, F7 (Flyball, 7LS)
Bottom of the 8th over - 0 runs, 0 hits, 0 errors, 0 left on base; San Diego 0 - St. Louis 1
TOP OF THE 9TH
San Diego Padres batting - Pitching for St. Louis Cardinals : RHP Chris Bassitt
Pitching: RHP Mark Melancon
Batting: LHB David Peralta 0-0: Foul Ball, location: 2F
0-1: Foul Ball, location: 2F
0-2: Ball
1-2: SINGLE (Groundball, 6MD)
Batting: RHB Lorenzo Cain 0-0: Foul Ball, location: 2F
0-1: Fly out, F8 (Flyball, 8LM)
Batting: RHB Jose Altuve 0-0: Ball
1-0: Called Strike
1-1: Fielders Choice at 2nd, 2-4 (Groundball, 15S)
Batting: LHB Mike Moustakas 0-0: Ground out 4-3 (Groundball, 4S)
Top of the 9th over - 0 runs, 1 hit, 0 errors, 1 left on base; San Diego 0 - St. Louis 1
Tuesday, August 21st, 2018 - OOTP Baseball 19.8 Build 70